Map: Яганната РВ

Players

VortiX

  • Race: Zerg Zerg
  • Spawn Location: 7:00

Kas - Winner!

  • Race: Terran Terran
  • Spawn Location: 1:00

Event: DreamHack SC2 Masters 2020 Winter

VOD

Have the link to the VOD?

Description

Time

  • Played on: Oct. 16, 2020, 2:07 p.m.
  • Length: 12:20

All games in this series

Show
View Real Time Build Order
Export as new Build Order

VortiX Zerg 

Build Orders: Hatch First, Muta Ling Bane, Zergling Baneling 

Get SALT Encoding   

  12  0:00  Drone  
  13  0:12  Overlord  
  13  0:16  Drone  
  14  0:30  Drone x2  
  16  0:48  Hatchery  
  15  0:52  Drone  
  15  0:55  Drone  
  17  1:00  Drone  
  18  1:11  Extractor  
  17  1:16  Spawning Pool  
  17  1:18  Drone  
  17  1:22  Drone  
  18  1:27  Drone  
  19  1:38  Drone  
  20  1:48  Overlord  
  20  2:02  Queen x2  
  20  2:03  Zergling x4  
  26  2:11  Drone x2  
  26  2:12  Metabolic Boost  
  28  2:21  Drone  
  29  2:27  Drone  
  30  2:32  Drone  
  31  2:40  Hatchery  
  30  2:44  Drone  
  30  2:45  Drone  
  30  2:50  Overlord  
  32  2:53  Drone  
  32  2:57  Drone  
  34  3:02  Queen  
  36  3:10  Baneling Nest  
  36  3:12  Zergling x4  
  37  3:15  Zergling x2  
  37  3:18  Zergling x4  
  40  3:29  Zergling x8  
  44  3:34  Overlord  
  44  3:44  Overlord  
  44  3:52  Zergling x12  
  50  3:55  Zergling x2  
  50  3:59  Baneling  
  50  4:00  Baneling x8  
  51  4:03  Zergling x2  
  51  4:06  Zergling x2  
  51  4:08  Baneling  
  53  4:15  Zergling x6  
  53  4:25  Zergling x12  
  55  4:32  Zergling x2  
  55  4:33  Zergling x4  
  55  4:38  Drone x3  
  53  4:46  Drone  
  53  4:49  Drone x3  
  53  4:50  Drone  
  56  4:54  Drone x2  
  56  4:59  Drone x2  
  57  5:04  Drone, Overlord  
  56  5:08  Drone  
  56  5:12  Drone x3  
  53  5:24  Drone x5  
  53  5:25  Drone x2, Spore Crawler  
  56  5:30  Spore Crawler x2  
  54  5:36  Queen  
  54  5:37  Extractor  
  54  5:41  Spore Crawler  
  54  5:42  Lair  
  54  5:43  Zergling x2  
  54  5:44  Zergling x2  
  54  5:47  Zergling x4  
  58  5:52  Zergling x2  
  58  5:53  Zergling x4  
  58  5:55  Overlord  
  61  5:58  Drone x3  
  61  6:01  Drone  
  61  6:02  Drone  
  65  6:08  Drone x2, Overlord  
  65  6:09  Drone  
  60  6:19  Drone x3, Overlord  
  60  6:22  Drone  
  60  6:23  Drone  
  64  6:27  Drone x3  
  64  6:31  Queen  
  69  6:34  Drone, Overlord  
  69  6:35  Drone  
  71  6:43  Spire  
  71  6:45  Overseer  
  71  6:47  Drone  
  71  6:51  Extractor  
  71  6:52  Drone x4, Overlord  
  71  6:53  Extractor x3  
  71  6:58  Drone x3  
  74  7:03  Drone, Overlord  
  74  7:04  Drone  
  76  7:09  Drone x3  
  79  7:21  Drone x3  
  80  7:23  Drone, Evolution Chamber x2  
  78  7:32  Drone  
  78  7:37  Centrifical Hooks, Overlord  
  79  7:40  Zergling x8  
  79  7:43  Hatchery  
  82  7:48  Zerg Melee Weapons Level 1  
  82  7:51  Zerg Ground Armor Level 1  
  82  7:53  Zergling x2  
  82  7:54  Zergling x8  
  87  8:02  Mutalisk x3  
  93  8:06  Mutalisk  
  93  8:07  Mutalisk  
  97  8:19  Mutalisk x3  
  101  8:21  Zergling x14  
  110  8:28  Baneling x5  
  110  8:34  Mutalisk  
  110  8:37  Hatchery  
  110  8:38  Zergling x4  
  113  8:41  Baneling x4  
  113  8:45  Overlord x4  
  113  8:48  Overlord x2  
  113  8:52  Baneling x5  
  113  8:53  Baneling x2, Overlord  
  113  8:58  Zerg Flyer Weapons Level 1  
  113  9:04  Mutalisk  
  113  9:07  Zergling x4  
  113  9:08  Zergling x10  
  115  9:24  Mutalisk x3  
  115  9:26  Zergling x8  
  124  9:32  Zergling x8  
  127  9:46  Baneling x8  
  127  9:48  Zergling x10  
  127  9:49  Zergling x8  
  127  9:51  Zerg Melee Weapons Level 2  
  136  10:00  Zerg Ground Armor Level 2  
  136  10:04  Zergling x14  
  141  10:07  Zergling x6  
  141  10:12  Mutalisk x2  
  146  10:18  Queen  
  146  10:19  Drone x6  
  147  10:21  Extractor x2  
  147  10:23  Baneling  
  147  10:24  Baneling, Infestation Pit  
  147  10:28  Mutalisk  
  144  10:31  Zergling x14  
  144  10:35  Zergling x8  
  157  10:38  Overseer x2  
  157  10:47  Drone x3  
  157  10:48  Drone x3  
  163  10:53  Mutalisk x2  
  163  10:54  Hatchery  
  163  10:56  Baneling  
  166  10:57  Baneling x4  
  166  11:00  Zergling x10  
  172  11:04  Zergling x8  
  172  11:06  Baneling x5  
  173  11:16  Zergling x2  
  173  11:17  Zergling x10  
  163  11:21  Zergling x4  
  163  11:24  Baneling x11  
  147  11:25  Zergling x2  
  140  11:33  Zergling x6  
  140  11:35  Baneling x6  
  140  11:36  Zergling x2  
  125  11:50  Zergling x12  
  123  11:55  Baneling x9  
  123  11:58  Zergling x4  
  122  12:02  Zergling x4  
Show
View Real Time Build Order
Export as new Build Order

Kas Terran - Winner!

Build Orders: Reaper Expand, Hellion Banshee 

Get SALT Encoding   

  12  0:00  SCV  
  13  0:12  SCV  
  14  0:17  Supply Depot  
  14  0:24  SCV  
  15  0:39  SCV  
  15  0:40  Barracks  
  16  0:44  Refinery  
  16  0:51  SCV  
  17  1:04  SCV  
  18  1:16  SCV  
  19  1:28  Reaper  
  19  1:29  Orbital Command  
  20  1:40  Command Center  
  20  1:49  Supply Depot  
  20  1:55  SCV  
  21  2:03  Marine  
  21  2:07  SCV  
  23  2:10  Factory  
  23  2:17  Refinery  
  23  2:20  SCV  
  23  2:22  Barracks Reactor  
  23  2:32  SCV  
  24  2:44  SCV  
  25  2:51  Orbital Command  
  25  2:55  Starport  
  25  2:58  SCV  
  26  3:04  Hellion x2  
  30  3:10  SCV  
  30  3:12  Barracks Tech Lab  
  31  3:17  SCV  
  32  3:22  SCV  
  32  3:26  Supply Depot, Hellion x2  
  37  3:29  SCV  
  38  3:34  SCV  
  38  3:38  Banshee  
  38  3:39  Cloaking Field  
  42  3:41  SCV  
  42  3:46  SCV  
  44  3:55  SCV  
  45  3:58  Command Center  
  45  4:01  SCV  
  46  4:05  Supply Depot  
  46  4:07  SCV  
  46  4:08  Barracks Tech Lab  
  47  4:12  Hellion  
  47  4:13  Hellion  
  51  4:19  Supply Depot  
  51  4:21  Banshee  
  50  4:34  Hellion x2  
  52  4:43  Bunker  
  52  4:44  SCV  
  44  4:49  SCV  
  42  4:55  Hellion x2  
  42  4:56  SCV  
  47  5:01  SCV  
  48  5:08  SCV  
  48  5:13  SCV  
  43  5:16  Hellion, Banshee  
  44  5:24  SCV  
  44  5:25  SCV  
  45  5:33  Command Center  
  45  5:36  SCV  
  45  5:38  Marine, Supply Depot, Stimpack  
  45  5:42  SCV  
  48  5:48  SCV  
  49  5:52  Barracks  
  49  5:54  Factory Reactor  
  49  5:56  Marine, Barracks  
  50  5:57  SCV  
  51  6:10  SCV  
  52  6:13  Marine  
  52  6:17  SCV  
  46  6:22  SCV, Engineering Bay x2  
  46  6:24  Starport Reactor  
  43  6:29  SCV  
  43  6:31  Marine  
  45  6:35  SCV  
  45  6:37  Refinery  
  45  6:39  Marine, Refinery  
  46  6:40  Marine  
  46  6:41  Siege Tank, SCV  
  52  6:47  SCV  
  52  6:49  Marine  
  52  6:50  Orbital Command, Terran Infantry Weapons Level 1, Terran Infantry Armor Level 1  
  52  6:52  Marine x2  
  52  6:53  SCV  
  56  6:57  Marine x2  
  56  6:59  SCV  
  59  7:02  Medivac  
  59  7:05  SCV  
  59  7:06  Medivac  
  59  7:07  Marine  
  65  7:09  Marine  
  65  7:10  Marine  
  65  7:11  SCV  
  65  7:14  Orbital Command  
  65  7:15  Marine x2  
  67  7:24  SCV x2  
  67  7:25  Marine  
  67  7:27  Marine  
  67  7:28  Combat Shield, Siege Tank, Marine  
  75  7:36  SCV x2, Barracks  
  77  7:37  Barracks  
  77  7:39  Supply Depot  
  77  7:41  Supply Depot, SCV  
  78  7:46  Marine x2  
  78  7:47  Marine x2  
  78  7:48  SCV x2  
  84  7:51  Marine  
  84  7:57  Armory  
  85  7:59  Supply Depot  
  85  8:01  SCV x3  
  85  8:04  Marine  
  89  8:05  Marine  
  89  8:06  Supply Depot  
  89  8:10  Siege Tank, Marine  
  89  8:11  Marine  
  95  8:13  SCV  
  95  8:17  Marine  
  97  8:21  SCV x2, Marine  
  97  8:22  Supply Depot  
  97  8:23  Marine  
  97  8:24  Medivac  
  97  8:25  Medivac  
  97  8:26  Barracks Reactor x2  
  105  8:31  Missile Turret  
  105  8:33  Missile Turret  
  105  8:34  Missile Turret  
  105  8:35  SCV  
  105  8:37  Marine  
  105  8:41  SCV  
  108  8:43  Marine  
  108  8:44  Marine x2  
  108  8:45  Siege Tank  
  108  8:47  Supply Depot  
  114  8:52  Supply Depot  
  114  8:53  Terran Infantry Weapons Level 2  
  114  8:55  Terran Infantry Armor Level 2  
  114  9:00  Marine  
  114  9:01  Marine  
  114  9:02  Marine  
  116  9:13  Barracks x2  
  116  9:15  Barracks  
  116  9:19  Marine  
  116  9:20  Marine x8  
  116  9:22  Medivac x2  
  116  9:23  Siege Tank  
  112  9:33  Supply Depot  
  112  9:37  Marine x2  
  112  9:38  Marine x4  
  118  9:39  Marine x3  
  118  9:40  Supply Depot  
  121  9:52  Medivac x2  
  123  9:55  Marine x6  
  123  9:57  Marine x3, Siege Tank  
  137  10:00  Supply Depot  
  137  10:02  Supply Depot  
  137  10:03  Barracks Reactor  
  137  10:04  Barracks Reactor  
  137  10:06  Barracks Reactor  
  137  10:13  Marine x4  
  136  10:18  Marine x2  
  136  10:19  Marine x2  
  139  10:23  Marine  
  140  10:29  Supply Depot  
  140  10:31  Marine x4  
  140  10:34  Siege Tank, Medivac  
  140  10:35  Medivac, Marine  
  151  10:36  Marine  
  151  10:37  Marine x2  
  151  10:41  Marine x5  
  160  10:43  Marine  
  160  10:46  Marine  
  160  10:48  Marine  
  160  10:49  Marine x2  
  165  10:50  Marine  
  165  10:52  Supply Depot  
  165  10:53  Marine x2  
  165  10:54  Supply Depot  
  165  10:55  Marine x2  
  170  10:59  Marine x4  
  174  11:04  Medivac  
  176  11:14  Marine  
  154  11:25  Marine x13  
  162  11:27  Marine  
  162  11:29  SCV x2  
  162  11:32  Marine  
  162  11:38  SCV  
  163  11:42  Marine  
  163  11:43  Marine x6  
  145  11:49  Marine x7  
Tags
 
Add a new tag
Caveats
  • Supply blocks, unpowered buildings, or Contaminate may cause inaccurate times.
  • Supply counts are checked every 10 seconds.